 Dungeon Crawl Stone Soup version 0.21.0-30-g47ce8e4 (webtiles) character file.

18868 tidbits the Thaumaturge (level 12, 31/91 HPs)
             Began as a Gnoll Fire Elementalist on Jan 29, 2018.
             Was a Priest of Cheibriados.
             Quit the game on level 1 of the Elven Halls.
             The game lasted 00:48:35 (4013 turns).

tidbits the Thaumaturge (Gnoll Fire Elementalist)   Turns: 4013, Time: 00:48:36

Health: 31/91      AC:  8    Str: 20    XL:     12   Next: 63%
Magic:  17/25      EV: 22    Int: 30    God:    Cheibriados [***...]
Gold:   704        SH:  0    Dex: 25    Spells: 13/29 levels left

rFire    . . .     SeeInvis .   b - +2 dagger (venom)
rCold    . . .     Gourm    .   D - +0 buckler
rNeg     . . .     Faith    .   B - +0 troll leather armour
rPois    .         Spirit   .   (no helmet)
rElec    .         Reflect  .   C - +1 cloak {+Inv}
rCorr    +         Harm     .   (no gloves)
MR       .....                  F - +0 pair of boots
Stlth    ++........             n - amulet of regeneration
HPRegen  1.05/turn              K - ring of resist corrosion
MPRegen  0.19/turn              (no ring)

@: confused, slowed, very slow
A: distributed training, fangs 1, repulsion field 1, agile 1, strong nose
a: Bend Time, Temporal Distortion, Renounce Religion, Evoke Invisibility


You were on level 1 of the Elven Halls.
You worshipped Cheibriados.
Cheibriados was most pleased with you.
You were not hungry.

You visited 5 branches of the dungeon, and saw 16 of its levels.

You collected 943 gold pieces.
You spent 239 gold pieces at shops.

Inventory:

Hand Weapons
 b - a +2 dagger of venom (weapon)
   (You took it off an orc on level 5 of the Dungeon)
 g - a +0 broad axe
 j - a +0 whip
 p - a +1 shortbow of freezing
   (You took it off a centaur on level 11 of the Dungeon)
 s - a +0 morningstar
 v - a +4 long sword of slicing
   (You took it off a deep elf mage on level 10 of the Dungeon)
 x - a +0 rapier of draining
   (You took it off a deep elf mage on level 1 of the Elven Halls)
 y - a +0 longbow
 L - a +2 hand axe of chopping
   (You took it off an orc on level 9 of the Dungeon)
Missiles
 m - 139 arrows
 r - a throwing net (quivered) {!f}
Armour
 B - a +0 troll leather armour (worn)
 C - a +1 cloak of invisibility (worn)
   (You bought it in a shop on level 6 of the Dungeon)
 D - a +0 buckler (worn)
 F - a +0 pair of boots (worn)
 M - a +2 scale mail of fire resistance
   (You took it off an orc on level 9 of the Dungeon)
 N - the +0 ring mail of Jeirajarph {Int+4}
   (You found it on level 7 of the Dungeon)

   It affects your intelligence (+4).
Jewellery
 n - an amulet of regeneration (around neck)
   (You found it on level 1 of the Dungeon)
 o - an uncursed ring of teleportation
   (You found it on level 4 of the Dungeon)
 K - a ring of resist corrosion (left hand)
   (You found it on level 9 of the Dungeon)
Wands
 E - a wand of polymorph (10)
Scrolls
 a - a scroll of vulnerability
 f - 5 scrolls of teleportation
 h - a scroll of random uselessness
 i - a scroll of immolation
 q - a scroll of blinking
 t - a scroll of noise
 I - 2 scrolls of enchant weapon {unknown}
 J - a scroll of fog
Potions
 d - a potion of brilliance
 k - a potion of ambrosia
 w - a potion of lignification
 z - a potion of mutation {!q}
Books
 e - a book of Flames

   Spells                             Type                      Level
   a - Flame Tongue                   Conjuration/Fire             1
   b - Throw Flame                    Conjuration/Fire             2
   c - Conjure Flame                  Conjuration/Fire             3
   d - Inner Flame                    Hexes/Fire                   3
   e - Sticky Flame                   Conjuration/Fire             4
   f - Fireball                       Conjuration/Fire             5
 l - a book of Misfortune
   (You found it on level 3 of the Dungeon)

   Spells                             Type                      Level
   a - Confusing Touch                Hexes                        1
   b - Confuse                        Hexes                        3
   c - Gell's Gravitas                Translocation                3
   d - Petrify                        Transmutation/Earth          4
   e - Metabolic Englaciation         Hexes/Ice                    5
   f - Yara's Violent Unravelling     Hexes/Transmutation          5
 u - a book of Minor Magic
   (You found it on level 5 of the Dungeon)

   Spells                             Type                      Level
   a - Magic Dart                     Conjuration                  1
   b - Blink                          Translocation                2
   c - Call Imp                       Summoning                    2
   d - Slow                           Hexes                        2
   e - Conjure Flame                  Conjuration/Fire             3
   f - Mephitic Cloud                 Conjuration/Poison/Air       3
 A - a book of Transfigurations
   (You found it on level 6 of the Dungeon)

   Spells                             Type                      Level
   a - Irradiate                      Conjuration/Transmutation    5
   b - Statue Form                    Transmutation/Earth          6
   c - Hydra Form                     Transmutation                6
   d - Dragon Form                    Transmutation                7
Comestibles
 c - 13 rations


   Skills:
 + Level 7.3 Fighting
 + Level 7.3 Short Blades
 + Level 7.3 Long Blades
 + Level 7.3 Axes
 + Level 7.3 Maces & Flails
 + Level 7.3 Polearms
 + Level 7.3 Staves
 + Level 7.3 Slings
 + Level 7.3 Bows
 + Level 7.3 Crossbows
 + Level 7.3 Throwing
 + Level 7.3 Armour
 + Level 8.7 Dodging
 + Level 8.5 Stealth
 + Level 7.3 Shields
 + Level 7.3 Unarmed Combat
 + Level 9.0 Spellcasting
 + Level 6.5 Conjurations
 + Level 6.1 Hexes
 + Level 6.1 Charms
 + Level 6.1 Summonings
 + Level 6.1 Necromancy
 + Level 6.1 Translocations
 + Level 6.1 Transmutations
 + Level 8.3 Fire Magic
 + Level 6.1 Ice Magic
 + Level 6.1 Air Magic
 + Level 6.1 Earth Magic
 + Level 6.1 Poison Magic
 + Level 8.0 Invocations
 + Level 7.3 Evocations


You had 13 spell levels left.
You knew the following spells:

 Your Spells              Type           Power        Failure   Level  Hunger
a - Flame Tongue          Conj/Fire      #####        1%          1    None
c - Conjure Flame         Conj/Fire      ######..     1%          3    None
f - Confuse               Hex            ######..     1%          3    None
j - Throw Flame           Conj/Fire      ######       1%          2    None
m - Mephitic Cloud        Conj/Pois/Air  ######..     1%          3    None
t - Sticky Flame          Conj/Fire      ######..     1%          4    None


Dungeon Overview and Level Annotations

Branches:
Dungeon (11/15)            Temple (1/1) D:5            Lair (1/6) D:9
    Orc (2/2) D:10            Elf (1/3) Orc:2

Altars:
Cheibriados
Dithmenos
Elyvilon
Fedhas
Gozag
Hepliaklqana
Kikubaaqudgha
Nemelex Xobeh
Okawaru
Qazlal
Ru
Trog
Uskayaw
Wu Jian
Zin
The Shining One

Shops:
D:6 [*   D:8 *   Orc:2 }

Portals:
Trove: D:10 (give +3 gold dragon scales)

Annotations:
D:4 tidbits's ghost, amateur GnEn
D:11 exclusion: hydra


Innate Abilities, Weirdness & Mutations

Your experience applies equally to all skills.
You have very sharp teeth.
Your uncanny sense of smell can sniff out nearby items.
You are surrounded by a mild repulsion field. (EV +2)
You are agile. (Dex +2)


Message History

Unknown command.
You can feel time thicken for a moment.
You feel somewhat more hungry.
You can no longer inflict damage on those overly hasty.
Cheibriados lowers the support of your attributes as your movement quickens.
The deep elf archer shoots an arrow.
The arrow barely misses you.
Unknown command.
The deep elf archer blinks!
The deep elf mage gestures wildly while chanting.
The deep elf mage blinks!
The deep elf archer points at you and mumbles some strange words.
You feel yourself slow down.
The deep elf archer blinks!
The deep elf archer shoots an arrow.
The arrow hits you!
* * * LOW HITPOINT WARNING * * *
The deep elf archer shouts!
You see here an arrow.
Unknown command.
You feel much better.
The deep elf archer unwields an uncursed enchanted short sword.
The deep elf archer wields an uncursed runed longbow.
It is covered in frost.
The deep elf archer shoots an arrow.
You block the arrow.
The deep elf archer points at you and mumbles some strange words.
You feel as though you will be slow longer.
The deep elf archer points at you and mumbles some strange words.
You resist with significant effort.
The deep elf archer shoots an arrow.
The arrow misses you.
Unknown command.
The deep elf archer points at you and mumbles some strange words.
You feel as though you will be slow longer.
The deep elf mage closely misses you.
The deep elf archer casts a spell at you.
You resist with significant effort.
The deep elf archer shoots an arrow.
The arrow hits you.
The deep elf mage hits you but does no damage.
The deep elf archer shoots an arrow.
The arrow hits you. The arrow freezes you.
The deep elf archer shoots an arrow.
You block the arrow.
The deep elf archer points at you and mumbles some strange words.
You feel as though you will be slow longer.
You see here 2 arrows.
Unknown command.
Casting: Sticky Flame
Confirm with . or Enter, or press ? or * to list all spells.
Aiming: Sticky Flame
Press: ? - help, Shift-Dir - straight line, f - deep elf mage
Aim: a deep elf mage, wielding a long sword (moderately wounded)
Okay, then.
Evoke which item? (* to show all) (? for menu, Esc to quit)
Okay, then.
Casting: Sticky Flame
Confirm with . or Enter, or press ? or * to list all spells.
Aiming: Sticky Flame
Press: ? - help, Shift-Dir - straight line, f - deep elf mage
Aim: a deep elf mage, wielding a long sword (moderately wounded)
The sticky flame hits the deep elf mage.
The deep elf mage is heavily wounded.
The deep elf mage is covered in liquid flames!
The deep elf mage burns!
You block the deep elf mage's attack.
The deep elf archer shoots an arrow.
You block the arrow.
Unknown command.
Okay, then.
You hit the deep elf mage.
The deep elf mage is poisoned.
You bite the deep elf mage.
The deep elf mage is almost dead.
The deep elf mage burns!
The deep elf mage hits you but does no damage.
The deep elf archer points at you and mumbles some strange words.
You resist with significant effort.
The deep elf archer shoots an arrow.
You block the arrow.
You hit the deep elf mage.
The deep elf mage looks as sick as possible!
The deep elf mage is almost dead.
The deep elf mage burns!
The deep elf mage hits you with a long sword.
The deep elf archer blinks!
The deep elf archer shoots an arrow.
You block the arrow.
Unknown command.
You closely miss the deep elf mage.
You bite the deep elf mage, but do no damage.
The deep elf mage is almost dead.
You kill the deep elf mage!
Cheibriados thoroughly appreciates the change of pace.
Your Spellcasting skill increases to level 9!
The deep elf archer shoots an arrow.
The arrow hits you!!
* * * LOW HITPOINT WARNING * * *
The arrow freezes you.
* * * LOW HITPOINT WARNING * * *
Unknown command.
Evoke which item? (* to show all) (? for menu, Esc to quit)
Aiming: Polymorph
Press: ? - help, Shift-Dir - straight line, f - deep elf archer
Aim: a deep elf archer, wielding a shortbow and wearing a leather armour (moderately wounded, repelling missiles, chance to defeat MR: 18%)
The deep elf archer resists with almost no effort.
The deep elf archer gestures at you while chanting.
You feel as though you will be slow longer.
The deep elf archer blinks!
The deep elf archer points at you and mumbles some strange words.
You are confused.
The deep elf archer shoots an arrow.
The arrow hits you.
* * * LOW HITPOINT WARNING * * *
Are you sure you want to abandon this character and quit the game? (Confirm with "yes".)

###+## ##...## ##.....#+
##.....##. #.......##
##.......'# .........##
#.........#
.........(###.........#
......e...(.'.........#
....ยง...((####.......##
.....e.(..# ##.....##
.e.....@.(# ##...##
......)..## ####
#.......## ##.....##
######


You could see 3 deep elf archers.

Vanquished Creatures
  The ghost of tidbits the Thaumaturge, a journeyman GnSk of Cheibriados (Orc:2)
  Snorg (D:11)
  A vault guard (D:10)
  A centaur warrior (D:11)
  4 two-headed ogres
  The ghost of tidbits the Martial Artist, a novice GnTm of Cheibriados (D:11)
  A deep elf knight (Elf:1)
  2 unseen horrors (D:10)
  An orc knight (Orc:1)
  A deep elf archer (Elf:1)
  5 deep elf magi
  A cyclops (D:11)
  An orc sorcerer (Orc:1)
  Psyche (D:10)
  A komodo dragon (D:11)
  A merfolk (D:10)
  A queen bee (D:11)
  2 trolls
  2 hippogriffs
  A human (D:10)
  Grum (D:9)
  2 wargs
  2 water moccasins (D:10)
  Duvessa (D:6)
  An ice beast (D:11)
  2 sky beasts
  2 black bears
  11 orc warriors
  6 ogres
  A phantom (D:7)
  3 wolves
  2 centaurs
  A crocodile (Lair:1)
  A big kobold (D:10)
  2 bullfrogs
  Dowan (D:6)
  A scorpion (D:4)
  30 killer bees (D:11)
  3 howler monkeys (D:11)
  3 crimson imps
  A bullfrog zombie (D:11)
  4 hounds
  A jelly (D:10)
  6 orc priests
  9 orc wizards
  A bullfrog skeleton (D:6)
  An iguana (D:5)
  Natasha (D:2)
  3 worker ants
  A hound zombie (D:8)
  A howler monkey zombie (D:6)
  11 gnolls
  A howler monkey skeleton (D:4)
  A worker ant zombie (D:11)
  7 adders
  2 shadow imps (D:10)
  An ooze (D:4)
  A worm (D:2)
  A dart slug (D:1)
  A leopard gecko (D:6)
  61 orcs
  3 giant cockroaches
  3 goblins
  4 hobgoblins
  14 jackals
  3 quokkas
  A ball python (D:3)
  4 bats
  3 frilled lizards
  8 kobolds
  A quokka zombie (D:5)
  A rat (D:3)
267 creatures vanquished.

Vanquished Creatures (collateral kills)
  2 orc warriors (Orc:1)
  An ogre (Orc:1)
  An orc (Orc:2)
4 creatures vanquished.

Vanquished Creatures (others)
  An ogre (D:9)
  A wyvern skeleton (D:10)
  An orc (D:10)
  A rat (D:3)
4 creatures vanquished.

Grand Total: 275 creatures vanquished

Notes
Turn   | Place    | Note
-------+----------+-------------------------------------------
     0 | D:1      | tidbits the Gnoll Fire Elementalist began the quest for the Orb.
     0 | D:1      | Reached XP level 1. HP: 13/13 MP: 6/6
    81 | D:1      | Reached skill level 2 in Conjurations
   102 | D:1      | Reached XP level 2. HP: 11/19 MP: 0/7
   106 | D:1      | Learned a level 2 spell: Throw Flame
   284 | D:4      | Reached XP level 3. HP: 25/25 MP: 3/9
   310 | D:3      | Reached skill level 5 in Spellcasting
   433 | D:4      | Noticed a scorpion
   442 | D:4      | Killed a scorpion
   442 | D:4      | Reached skill level 1 in Fighting
   442 | D:4      | Reached skill level 1 in Short Blades
   442 | D:4      | Reached skill level 1 in Long Blades
   442 | D:4      | Reached skill level 1 in Axes
   442 | D:4      | Reached skill level 1 in Maces & Flails
   442 | D:4      | Reached skill level 1 in Polearms
   442 | D:4      | Reached skill level 1 in Staves
   442 | D:4      | Reached skill level 1 in Slings
   442 | D:4      | Reached skill level 1 in Bows
   442 | D:4      | Reached skill level 1 in Crossbows
   442 | D:4      | Reached skill level 1 in Throwing
   442 | D:4      | Reached skill level 1 in Armour
   442 | D:4      | Reached skill level 1 in Shields
   442 | D:4      | Reached skill level 1 in Unarmed Combat
   442 | D:4      | Reached skill level 1 in Invocations
   442 | D:4      | Reached skill level 1 in Evocations
   442 | D:4      | Reached XP level 4. HP: 25/32 MP: 1/11
   454 | D:4      | Reached skill level 1 in Hexes
   454 | D:4      | Reached skill level 1 in Charms
   454 | D:4      | Reached skill level 1 in Summonings
   454 | D:4      | Reached skill level 1 in Necromancy
   454 | D:4      | Reached skill level 1 in Translocations
   454 | D:4      | Reached skill level 1 in Transmutations
   454 | D:4      | Reached skill level 1 in Ice Magic
   454 | D:4      | Reached skill level 1 in Air Magic
   454 | D:4      | Reached skill level 1 in Earth Magic
   454 | D:4      | Reached skill level 1 in Poison Magic
   454 | D:4      | Reached XP level 5. HP: 27/37 MP: 1/12
   463 | D:4      | Found an ancient bone altar of Kikubaaqudgha.
   504 | D:4      | Gained mutation: You are agile. (Dex +2) [potion of mutation]
   504 | D:4      | Gained mutation: You are frail. (-10% HP) [potion of mutation]
   504 | D:4      | Lost mutation: You are frail. (-10% HP) [potion of mutation]
   504 | D:4      | Gained mutation: You are surrounded by a mild repulsion field. (EV +2) [potion of mutation]
   722 | D:2      | Learned a level 3 spell: Conjure Flame
   727 | D:2      | Learned a level 4 spell: Sticky Flame
   818 | D:2      | Noticed Natasha
   824 | D:2      | Killed Natasha
   865 | D:4      | Noticed tidbits's ghost (amateur GnEn)
   907 | D:5      | Entered Level 5 of the Dungeon
   962 | D:5      | Noticed an ogre
   991 | D:5      | Killed an ogre
   991 | D:5      | Reached skill level 2 in Invocations
   991 | D:5      | Reached XP level 6. HP: 32/44 MP: 5/14
  1002 | D:5      | Reached skill level 5 in Dodging
  1033 | D:5      | Reached skill level 2 in Fighting
  1033 | D:5      | Reached skill level 2 in Short Blades
  1033 | D:5      | Reached skill level 2 in Long Blades
  1033 | D:5      | Reached skill level 2 in Axes
  1033 | D:5      | Reached skill level 2 in Maces & Flails
  1033 | D:5      | Reached skill level 2 in Polearms
  1033 | D:5      | Reached skill level 2 in Staves
  1033 | D:5      | Reached skill level 2 in Slings
  1033 | D:5      | Reached skill level 2 in Bows
  1033 | D:5      | Reached skill level 2 in Crossbows
  1033 | D:5      | Reached skill level 2 in Throwing
  1033 | D:5      | Reached skill level 2 in Armour
  1033 | D:5      | Reached skill level 2 in Shields
  1033 | D:5      | Reached skill level 2 in Unarmed Combat
  1033 | D:5      | Reached skill level 2 in Evocations
  1045 | D:5      | Found a staircase to the Ecumenical Temple.
  1054 | Temple   | Entered the Ecumenical Temple
  1067 | Temple   | Became a worshipper of Cheibriados the Contemplative
  1160 | D:5      | Reached XP level 7. HP: 43/50 MP: 8/15
  1165 | D:6      | Noticed Dowan
  1165 | D:6      | Noticed a two-headed ogre
  1229 | D:5      | Found a white marble altar of Elyvilon.
  1326 | D:5      | Learned a level 3 spell: Confuse
  1353 | D:6      | Found a sparkling altar of Nemelex Xobeh.
  1420 | D:4      | Found a stormy altar of Qazlal.
  1445 | D:6      | Found an opulent altar of Gozag.
  1448 | D:6      | Found Gozag's Platinum Reserve.
  1514 | D:6      | Noticed Duvessa
  1520 | D:6      | Killed Duvessa
  1523 | D:6      | Killed Dowan
  1523 | D:6      | Reached skill level 3 in Conjurations
  1523 | D:6      | Reached skill level 2 in Hexes
  1523 | D:6      | Reached skill level 2 in Charms
  1523 | D:6      | Reached skill level 2 in Summonings
  1523 | D:6      | Reached skill level 2 in Necromancy
  1523 | D:6      | Reached skill level 2 in Translocations
  1523 | D:6      | Reached skill level 2 in Transmutations
  1523 | D:6      | Reached skill level 2 in Ice Magic
  1523 | D:6      | Reached skill level 2 in Air Magic
  1523 | D:6      | Reached skill level 2 in Earth Magic
  1523 | D:6      | Reached skill level 2 in Poison Magic
  1601 | D:6      | Found Meskuren's Armour Boutique.
  1609 | D:6      | Bought a +0 cloak of invisibility for 172 gold pieces
  1609 | D:6      | Bought a +0 pair of boots for 67 gold pieces
  1679 | D:6      | Killed a two-headed ogre
  1679 | D:6      | Reached skill level 3 in Fighting
  1679 | D:6      | Reached skill level 3 in Short Blades
  1679 | D:6      | Reached skill level 3 in Long Blades
  1679 | D:6      | Reached skill level 3 in Axes
  1679 | D:6      | Reached skill level 3 in Maces & Flails
  1679 | D:6      | Reached skill level 3 in Polearms
  1679 | D:6      | Reached skill level 3 in Staves
  1679 | D:6      | Reached skill level 3 in Slings
  1679 | D:6      | Reached skill level 3 in Bows
  1679 | D:6      | Reached skill level 3 in Crossbows
  1679 | D:6      | Reached skill level 3 in Throwing
  1679 | D:6      | Reached skill level 3 in Armour
  1679 | D:6      | Reached skill level 5 in Stealth
  1679 | D:6      | Reached skill level 3 in Shields
  1679 | D:6      | Reached skill level 3 in Unarmed Combat
  1679 | D:6      | Reached skill level 6 in Spellcasting
  1679 | D:6      | Reached skill level 6 in Fire Magic
  1679 | D:6      | Reached skill level 3 in Invocations
  1679 | D:6      | Reached skill level 3 in Evocations
  1679 | D:6      | Reached XP level 8. HP: 58/58 MP: 8/17
  1711 | D:6      | Reached * piety under Cheibriados
  1949 | D:7      | Noticed a hippogriff
  1974 | D:7      | Killed a hippogriff
  1974 | D:7      | Reached skill level 6 in Dodging
  1974 | D:7      | Reached skill level 3 in Hexes
  1974 | D:7      | Reached skill level 3 in Charms
  1974 | D:7      | Reached skill level 3 in Summonings
  1974 | D:7      | Reached skill level 3 in Necromancy
  1974 | D:7      | Reached skill level 3 in Translocations
  1974 | D:7      | Reached skill level 3 in Transmutations
  1974 | D:7      | Reached skill level 3 in Ice Magic
  1974 | D:7      | Reached skill level 3 in Air Magic
  1974 | D:7      | Reached skill level 3 in Earth Magic
  1974 | D:7      | Reached skill level 3 in Poison Magic
  1974 | D:7      | Reached skill level 4 in Invocations
  1974 | D:7      | Reached XP level 9. HP: 35/65 MP: 2/18
  2006 | D:7      | Got a spiked ring mail
  2017 | D:7      | Identified the cursed +0 ring mail of Jeirajarph {Int+4} (You found it on level 7 of the Dungeon)
  2104 | D:8      | Found a hazy altar of Hepliaklqana.
  2119 | D:8      | Found Tawkyxt's General Store.
  2165 | D:9      | Found a staircase to the Lair.
  2166 | D:9      | Found a glowing silver altar of Zin.
  2166 | D:9      | Found an opulent altar of Gozag.
  2187 | Lair:1   | Entered Level 1 of the Lair of Beasts
  2190 | Lair:1   | Reached skill level 4 in Fighting
  2190 | Lair:1   | Reached skill level 4 in Short Blades
  2190 | Lair:1   | Reached skill level 4 in Long Blades
  2190 | Lair:1   | Reached skill level 4 in Axes
  2190 | Lair:1   | Reached skill level 4 in Maces & Flails
  2190 | Lair:1   | Reached skill level 4 in Polearms
  2190 | Lair:1   | Reached skill level 4 in Staves
  2190 | Lair:1   | Reached skill level 4 in Slings
  2190 | Lair:1   | Reached skill level 4 in Bows
  2190 | Lair:1   | Reached skill level 4 in Crossbows
  2190 | Lair:1   | Reached skill level 4 in Throwing
  2190 | Lair:1   | Reached skill level 4 in Armour
  2190 | Lair:1   | Reached skill level 4 in Shields
  2190 | Lair:1   | Reached skill level 4 in Unarmed Combat
  2190 | Lair:1   | Reached skill level 4 in Conjurations
  2190 | Lair:1   | Reached skill level 4 in Evocations
  2205 | Lair:1   | Reached ** piety under Cheibriados
  2206 | Lair:1   | Noticed Grum
  2219 | D:9      | Killed Grum
  2228 | D:9      | Reached skill level 6 in Stealth
  2253 | D:10     | Entered Level 10 of the Dungeon
  2351 | D:10     | Reached skill level 5 in Invocations
  2353 | D:10     | Noticed Psyche
  2359 | D:10     | Killed Psyche
  2375 | D:10     | Found a portal to a secret trove of treasure.
  2398 | D:10     | Reached XP level 10. HP: 70/73 MP: 7/20
  2404 | D:10     | Learned a level 3 spell: Mephitic Cloud
  2407 | D:10     | Noticed a vault guard
  2443 | D:10     | Reached skill level 7 in Spellcasting
  2473 | D:10     | Reached *** piety under Cheibriados
  2495 | D:11     | Reached skill level 4 in Hexes
  2495 | D:11     | Reached skill level 4 in Charms
  2495 | D:11     | Reached skill level 4 in Summonings
  2495 | D:11     | Reached skill level 4 in Necromancy
  2495 | D:11     | Reached skill level 4 in Translocations
  2495 | D:11     | Reached skill level 4 in Transmutations
  2495 | D:11     | Reached skill level 4 in Ice Magic
  2495 | D:11     | Reached skill level 4 in Air Magic
  2495 | D:11     | Reached skill level 4 in Earth Magic
  2495 | D:11     | Reached skill level 4 in Poison Magic
  2539 | D:11     | Noticed a five-headed hydra
  2597 | D:11     | Reached skill level 5 in Fighting
  2597 | D:11     | Reached skill level 5 in Short Blades
  2597 | D:11     | Reached skill level 5 in Long Blades
  2597 | D:11     | Reached skill level 5 in Axes
  2597 | D:11     | Reached skill level 5 in Maces & Flails
  2597 | D:11     | Reached skill level 5 in Polearms
  2597 | D:11     | Reached skill level 5 in Staves
  2597 | D:11     | Reached skill level 5 in Slings
  2597 | D:11     | Reached skill level 5 in Bows
  2597 | D:11     | Reached skill level 5 in Crossbows
  2597 | D:11     | Reached skill level 5 in Throwing
  2597 | D:11     | Reached skill level 5 in Armour
  2597 | D:11     | Reached skill level 5 in Shields
  2597 | D:11     | Reached skill level 5 in Unarmed Combat
  2597 | D:11     | Reached skill level 5 in Evocations
  2644 | D:11     | Reached skill level 7 in Fire Magic
  2650 | D:11     | Noticed Snorg
  2651 | D:11     | Reached skill level 7 in Dodging
  2681 | D:11     | Reached **** piety under Cheibriados
  2718 | D:11     | Killed Snorg
  2718 | D:11     | Reached skill level 7 in Stealth
  2718 | D:11     | Reached skill level 5 in Conjurations
  2718 | D:11     | Reached skill level 6 in Invocations
  2807 | D:11     | Noticed a cyclops
  2809 | D:11     | Noticed a centaur warrior
  2810 | D:11     | Killed a cyclops
  2821 | D:11     | Killed a centaur warrior
  2821 | D:11     | Reached XP level 11. HP: 75/81 MP: 12/22
  2843 | D:11     | Noticed a two-headed ogre
  2858 | D:11     | Killed a two-headed ogre
  2924 | D:11     | Reached skill level 6 in Fighting
  2924 | D:11     | Reached skill level 6 in Short Blades
  2924 | D:11     | Reached skill level 6 in Long Blades
  2924 | D:11     | Reached skill level 6 in Axes
  2924 | D:11     | Reached skill level 6 in Maces & Flails
  2924 | D:11     | Reached skill level 6 in Polearms
  2924 | D:11     | Reached skill level 6 in Staves
  2924 | D:11     | Reached skill level 6 in Slings
  2924 | D:11     | Reached skill level 6 in Bows
  2924 | D:11     | Reached skill level 6 in Crossbows
  2924 | D:11     | Reached skill level 6 in Throwing
  2924 | D:11     | Reached skill level 6 in Armour
  2924 | D:11     | Reached skill level 6 in Shields
  2924 | D:11     | Reached skill level 6 in Unarmed Combat
  2924 | D:11     | Reached skill level 6 in Evocations
  2954 | D:10     | Killed a vault guard
  2954 | D:10     | Reached skill level 5 in Hexes
  2954 | D:10     | Reached skill level 5 in Charms
  2954 | D:10     | Reached skill level 5 in Summonings
  2954 | D:10     | Reached skill level 5 in Necromancy
  2954 | D:10     | Reached skill level 5 in Translocations
  2954 | D:10     | Reached skill level 5 in Transmutations
  2954 | D:10     | Reached skill level 5 in Ice Magic
  2954 | D:10     | Reached skill level 5 in Air Magic
  2954 | D:10     | Reached skill level 5 in Earth Magic
  2954 | D:10     | Reached skill level 5 in Poison Magic
  3006 | D:9      | Reached skill level 8 in Spellcasting
  3237 | D:10     | Noticed an unseen horror
  3242 | D:10     | Killed an unseen horror
  3251 | D:10     | Noticed a deep elf mage
  3262 | D:10     | Killed a deep elf mage
  3262 | D:10     | Reached skill level 7 in Invocations
  3330 | D:10     | Noticed an unseen horror
  3348 | D:10     | Killed an unseen horror
  3348 | D:10     | Reached skill level 8 in Dodging
  3377 | D:11     | Noticed tidbits's ghost (novice GnTm)
  3486 | D:11     | Killed tidbits's ghost
  3521 | D:10     | Found a staircase to the Orcish Mines.
  3530 | Orc:1    | Entered Level 1 of the Orcish Mines
  3530 | Orc:1    | Noticed an orc knight
  3571 | Orc:1    | Killed an orc knight
  3571 | Orc:1    | Reached skill level 8 in Stealth
  3571 | Orc:1    | Reached skill level 6 in Conjurations
  3614 | Orc:2    | Entered Level 2 of the Orcish Mines
  3623 | Orc:2    | Noticed tidbits's ghost (journeyman GnSk)
  3640 | Orc:2    | Killed tidbits's ghost
  3640 | Orc:2    | Reached XP level 12. HP: 89/89 MP: 11/24
  3650 | Orc:2    | Reached skill level 8 in Fire Magic
  3672 | Orc:2    | Found Upryop's Gadget Boutique.
  3715 | Orc:2    | Reached ***** piety under Cheibriados
  3769 | Orc:1    | Noticed a two-headed ogre
  3773 | Orc:1    | Reached skill level 7 in Fighting
  3773 | Orc:1    | Reached skill level 7 in Short Blades
  3773 | Orc:1    | Reached skill level 7 in Long Blades
  3773 | Orc:1    | Reached skill level 7 in Axes
  3773 | Orc:1    | Reached skill level 7 in Maces & Flails
  3773 | Orc:1    | Reached skill level 7 in Polearms
  3773 | Orc:1    | Reached skill level 7 in Staves
  3773 | Orc:1    | Reached skill level 7 in Slings
  3773 | Orc:1    | Reached skill level 7 in Bows
  3773 | Orc:1    | Reached skill level 7 in Crossbows
  3773 | Orc:1    | Reached skill level 7 in Throwing
  3773 | Orc:1    | Reached skill level 7 in Armour
  3773 | Orc:1    | Reached skill level 7 in Shields
  3773 | Orc:1    | Reached skill level 7 in Unarmed Combat
  3773 | Orc:1    | Reached skill level 7 in Evocations
  3776 | Orc:1    | Killed a two-headed ogre
  3836 | Orc:2    | Noticed a two-headed ogre
  3842 | Orc:2    | Killed a two-headed ogre
  3845 | Orc:2    | Noticed a two-headed ogre
  3848 | Orc:2    | Noticed a two-headed ogre
  3849 | Orc:2    | Noticed a two-headed ogre
  3849 | Orc:2    | Noticed a two-headed ogre
  3851 | Orc:2    | Noticed a two-headed ogre
  3852 | Orc:2    | Noticed a two-headed ogre
  3861 | Orc:2    | Found a staircase to the Elven Halls.
  3864 | Elf:1    | Entered Level 1 of the Elven Halls
  3864 | Elf:1    | Noticed a deep elf knight
  3876 | Elf:1    | Killed a deep elf knight
  3876 | Elf:1    | Reached skill level 6 in Hexes
  3876 | Elf:1    | Reached skill level 6 in Charms
  3876 | Elf:1    | Reached skill level 6 in Summonings
  3876 | Elf:1    | Reached skill level 6 in Necromancy
  3876 | Elf:1    | Reached skill level 6 in Translocations
  3876 | Elf:1    | Reached skill level 6 in Transmutations
  3876 | Elf:1    | Reached skill level 6 in Ice Magic
  3876 | Elf:1    | Reached skill level 6 in Air Magic
  3876 | Elf:1    | Reached skill level 6 in Earth Magic
  3876 | Elf:1    | Reached skill level 6 in Poison Magic
  3889 | Elf:1    | Reached skill level 8 in Invocations
  4011 | Elf:1    | Reached skill level 9 in Spellcasting
  4013 | Elf:1    | Quit the game

Skill      XL: |  1  2  3  4  5  6  7  8  9 10 11 12 |
---------------+-------------------------------------+-----
Conjurations   | 2 3 4 5 6 |  6.5
Spellcasting   | 5 6 7 8 9 |  9.0
Fighting       | 1 2 3 4 5 6 7 |  7.3
Short Blades   | 1 2 3 4 5 6 7 |  7.3
Long Blades    | 1 2 3 4 5 6 7 |  7.3
Axes           | 1 2 3 4 5 6 7 |  7.3
Maces & Flails | 1 2 3 4 5 6 7 |  7.3
Polearms       | 1 2 3 4 5 6 7 |  7.3
Staves         | 1 2 3 4 5 6 7 |  7.3
Slings         | 1 2 3 4 5 6 7 |  7.3
Bows           | 1 2 3 4 5 6 7 |  7.3
Crossbows      | 1 2 3 4 5 6 7 |  7.3
Throwing       | 1 2 3 4 5 6 7 |  7.3
Armour         | 1 2 3 4 5 6 7 |  7.3
Shields        | 1 2 3 4 5 6 7 |  7.3
Unarmed Combat | 1 2 3 4 5 6 7 |  7.3
Invocations    | 1 2 3 4 5 6 7 8 |  8.0
Evocations     | 1 2 3 4 5 6 7 |  7.3
Hexes          | 1 2 3 4 5 6 |  6.1
Charms         | 1 2 3 4 5 6 |  6.1
Summonings     | 1 2 3 4 5 6 |  6.1
Necromancy     | 1 2 3 4 5 6 |  6.1
Translocations | 1 2 3 4 5 6 |  6.1
Transmutations | 1 2 3 4 5 6 |  6.1
Ice Magic      | 1 2 3 4 5 6 |  6.1
Air Magic      | 1 2 3 4 5 6 |  6.1
Earth Magic    | 1 2 3 4 5 6 |  6.1
Poison Magic   | 1 2 3 4 5 6 |  6.1
Dodging        | 5 6 7 8 |  8.7
Stealth        | 5 6 7 8 |  8.5
Fire Magic     | 6 7 8 |  8.3

Action                   |  1- 3 |  4- 6 |  7- 9 | 10-12 || total
-------------------------+-------+-------+-------+-------++-------
Melee: Rapier            |    24 |    27 |    49 |       ||   100
       Dagger            |       |    28 |    89 |   337 ||   454
       Bite              |       |     7 |    21 |    68 ||    96
       Punch             |       |     1 |       |       ||     1
       Morningstar       |       |       |    12 |       ||    12
       Long sword        |       |       |       |     8 ||     8
       Unarmed           |       |       |       |     7 ||     7
 Cast: Flame Tongue      |    38 |    57 |    49 |    37 ||   181
       Throw Flame       |     2 |     1 |     5 |     1 ||     9
       Sticky Flame      |       |     3 |    15 |    45 ||    63
       Confuse           |       |       |       |    15 ||    15
       Mephitic Cloud    |       |       |       |     2 ||     2
Invok: Bend Time         |       |       |       |     3 ||     3
       Slouch            |       |       |       |     8 ||     8
 Abil: Evoke Invisibilit |       |       |     2 |     2 ||     4
Evoke: Wand              |       |       |     8 |    22 ||    30
  Use: Scroll            |       |     9 |     6 |     7 ||    22
       Potion            |       |     3 |       |     6 ||     9
 Stab: Sleeping          |     2 |     5 |     2 |     6 ||    15
       Distracted        |       |     1 |       |     2 ||     3
       Invisible         |       |       |     2 |     3 ||     5
       Paralysed         |       |       |     4 |     4 ||     8
       Confused          |       |       |       |    10 ||    10
  Eat: Ration            |       |     1 |       |     1 ||     2
       Chunk             |       |       |     4 |     3 ||     7
Armor: Robe              |     6 |     3 |    13 |       ||    22
       Ring mail         |       |       |    15 |    32 ||    47
       Troll leather arm |       |       |       |    21 ||    21
       Skin              |       |       |       |    11 ||    11
Dodge: Dodged            |    20 |    59 |   144 |   302 ||   525
Block: Buckler           |       |       |    32 |   116 ||   148
       Rpst.: Long sword |       |       |       |     1 ||     1

Table legend:
 A = Turns spent in this place as a percentage of turns spent in the entire game.
 B = Non-inter-level travel turns spent in this place as a percentage of non-inter-level travel turns spent in the entire game.
 C = Inter-level travel turns spent in this place as a percentage of turns spent in this place.
 D = Turns resting spent in this place as a percentage of non-inter-level travel turns spent in this place.
 E = Turns spent auto-exploring this place as a percentage of non-inter-level travel turns spent in this place.
 F = Non-inter-level travel turns spent in this place divided by the number of levels of this place that you've seen.
                   A       B       C       D       E      F
               +-------+-------+-------+-------+-------+----------------------
         Total | 100.0 | 100.0 |   0.7 |   0.0 |   0.0 | 249.1
       Dungeon |  86.6 |  86.8 |   0.5 |   0.0 |   0.0 | 314.5
        Temple |   0.6 |   0.4 |  42.3 |   0.0 |   0.0 |  15.0
          Lair |   0.7 |   0.7 |   0.0 |   0.0 |   0.0 |  27.0
  Orcish Mines |   8.3 |   8.4 |   0.0 |   0.0 |   0.0 | 167.0
   Elven Halls |   3.7 |   3.7 |   0.0 |   0.0 |   0.0 | 149.0
               +-------+-------+-------+-------+-------+----------------------

Table legend:
 A = Kills in this place as a percentage of kills in entire the game.
 B = Kills by you in this place as a percentage of kills by you in the entire game.
 C = Kills by friends in this place as a percentage of kills by friends in the entire game.
 D = Other kills in this place as a percentage of other kills in the entire game.
 E = Experience gained in this place as a percentage of experience gained in the entire game.
 F = Experience gained in this place divided by the number of levels of this place that you have seen.
                   A       B       C       D       E      F
               +-------+-------+-------+-------+-------+----------------------
         Total | 100.0 | 100.0 | 100.0 | 100.0 | 100.0 | 1684.7
       Dungeon |  76.8 |  77.8 |   0.0 | 100.0 |  62.8 | 1537.7
          Lair |   0.7 |   0.8 |   0.0 |   0.0 |   0.8 | 222.0
  Orcish Mines |  20.2 |  19.2 | 100.0 |   0.0 |  25.1 | 3384.5
   Elven Halls |   2.2 |   2.3 |   0.0 |   0.0 |  11.3 | 3049.0
               +-------+-------+-------+-------+-------+----------------------

Vault maps used:
D:1:      lightli_arrival_flooded_house, minmay_fountain_box
D:2:      first_ration, uniq_crazy_yiuf_cottage, uniq_natasha
D:3:      eino_tiny_chamber, serial_bayou_pond_e, item_on_display_b
D:4:      grunt_temple_overflow_magic_moments, grunt_qazlal_clouds
D:5:      kennysheep_ying_yang, minmay_temple_entry_crystal_x
D:6:      nemelex_xobeh_ov_fountains_minmay, makhleb_blood_cavern_becter,
          serial_shops, shop, nicolae_gozag_zags_fifth_avenue, uniq_duvessa
D:7:      nicolae_overflow_crystal_walls
D:8:      lemuel_crystal_altar, serial_shops, nicolae_shop_crystal, shop
D:9:      grunt_temple_overflow_gold_and_silver, overflow_temple_1_default,
          lair_entry_dummy, special_room
D:10:     orc_0_dummy, enter_trove_5, hangedman_stone_soup, uniq_psyche
D:11:     special_room, uniq_snorg
Temple:   jpeg_temple_island
Lair:1:   beast_lair_carwin_large_2, columned_hall_lemuel, serial_bayou_pond_b,
          uniq_grum
Orc:2:    st_orc_open, serial_shops, shop, kennysheep_orc_chapel
Elf:1:    minmay_elf_necromancy, grunt_megastairs_2
